 Dungeon Crawl Stone Soup version 0.19.1 (webtiles) character file.

181273 omegacute the Executioner (level 17, -6/168 HPs)
             Began as a Minotaur Berserker on Nov 28, 2016.
             Was an Elder of Trog.
             Mangled by an alligator snapping turtle (30 damage)
             ... on level 2 of the Shoals.
             The game lasted 03:08:15 (24236 turns).

omegacute the Executioner (Minotaur Berserker)     Turns: 24236, Time: 03:08:16

Health: -6/168     AC: 31    Str: 32    XL:     17   Next: 67%
Magic:  16/16      EV: 14    Int:  4    God:    Trog [****..]
Gold:   2390       SH:  0    Dex: 12    Spells: 0 memorised, 16 levels left

rFire  + + .     SeeInvis .     t - +6 executioner's axe (vamp)
rCold  . . .     Gourm    .     p - +4 plate armour {rF+}
rNeg   + . .     Faith    .     (shield currently unavailable)
rPois  +         Spirit   .     o - +2 hat
rElec  +         Reflect  .     F - +1 cloak
rCorr  .         Harm     .     A - +2 pair of gloves
MR     ++++.                    a - +0 pair of boots
Stlth  ..........               S - macabre finger necklace {rN+}
                                y - ring of poison resistance
                                C - ring of Coronation {rElec rF+ MR+ Str+5}
                                (no ring)

@: exhausted, regenerating, slowed, very slow
A: retaliatory headbutt, horns 2
a: Berserk, Trog's Hand, Brothers in Arms, Burn Spellbooks, Renounce Religion


You were on level 2 of the Shoals.
You worshipped Trog.
Trog was greatly pleased with you.
You were hungry.

You visited 4 branches of the dungeon, and saw 25 of its levels.
You also visited: Labyrinth, Sewer and Ice Cave.

You collected 3527 gold pieces.
You spent 1137 gold pieces at shops.

Inventory:

Hand Weapons
 t - a +6 vampiric executioner's axe (weapon)
 L - a +5 battleaxe of chopping
Armour
 a - a +0 pair of boots (worn)
 o - a +2 hat (worn)
 p - a +4 plate armour of fire resistance (worn)
 A - a +2 pair of gloves (worn)
 F - a +1 cloak (worn)
Jewellery
 y - a ring of poison resistance (right hand)
 C - the ring of Coronation (left hand) {rElec rF+ MR+ Str+5}
   (You found it in an ice cave)

   [ring of protection from magic]

   It affects your strength (+5).
   It protects you from fire.
   It insulates you from electricity.
   It affects your resistance to hostile enchantments.
 S - the macabre finger necklace (around neck) {rN+}
   (You found it in a labyrinth)

   [amulet of nothing]

   It protects you from negative energy.
Wands
 E - a wand of disintegration (15/24)
 I - a wand of teleportation (3/9)
 N - a wand of confusion (30/48)
 O - a wand of polymorph (19/24)
 Q - a wand of flame (16/48)
 V - a wand of heal wounds (2/9)
Scrolls
 e - 2 scrolls of fear
 k - 6 scrolls of enchant armour
 l - 4 scrolls of identify
 n - 13 scrolls of teleportation
 s - a scroll of fog
 z - 8 scrolls of remove curse
 B - a scroll of magic mapping
 H - 3 scrolls of acquirement
 M - 4 scrolls of recharging
 R - 2 scrolls of enchant weapon
Potions
 d - a potion of ambrosia {unknown}
 f - 2 potions of heal wounds {unknown}
 h - 2 potions of brilliance
 i - 3 potions of might
 j - 19 potions of curing
 m - 4 potions of resistance
 q - a potion of haste {unknown}
 r - 5 potions of flight
 u - a potion of cure mutation {unknown}
 v - 2 potions of lignification
 w - a potion of agility {unknown}
 x - a potion of magic {unknown}
 D - 4 potions of invisibility
 J - a potion of mutation {unknown}
 P - a potion of berserk rage {unknown}
 T - a potion of cancellation {unknown}
Comestibles
 b - 24 fruits
 c - 16 bread rations
 g - 2 chunks of flesh
 G - 8 royal jellies
 W - a slice of pizza
 Z - 6 meat rations


   Skills:
 + Level 19.2 Fighting
 * Level 21.5 Axes
 + Level 16.1 Armour
 + Level 11.3 Dodging
 + Level 3.2 Unarmed Combat


You had 16 spell levels left.
You didn't know any spells.

Dungeon Overview and Level Annotations

Branches:
Dungeon (15/15)            Temple (0/1) D:6            Lair (6/6) D:11
 Shoals (2/4) Lair:4        Snake (0/4) Lair:4        Slime (0/5) Lair:5
    Orc (2/2) D:12            Elf (0/3) Orc:2        Vaults (0/5) D:13
 Depths (0/5) D:15

Altars:
Fedhas
Qazlal
Sif Muna
Vehumet
Yredelemnul
Beogh

Shops:
D:5 *   D:6 %   Orc:2 !!*[*

Portals:
Trove: D:14 (give +3 storm dragon scales)

Annotations:
Lair:1 Stash
Lair:6 exclusion: oklob plant


Innate Abilities, Weirdness & Mutations

You reflexively headbutt those who attack you in melee.
You have a pair of horns on your head.


Message History

* * * LOW HITPOINT WARNING * * *
You take 11 damage, and have 23/168 hp.
Your unstable footing causes you to fumble your attack.
The alligator snapping turtle bites you.
* * * LOW HITPOINT WARNING * * *
You slash the alligator snapping turtle!
You feel better.
The alligator snapping turtle is heavily wounded.
The alligator snapping turtle bites you but does no damage.
You regained 12 hp, and now have 36/168 hp.
You hit the alligator snapping turtle but do no damage.
The alligator snapping turtle is heavily wounded.
The alligator snapping turtle closely misses you.
Your unstable footing causes you to fumble your attack.
The alligator snapping turtle bites you!
* * * LOW HITPOINT WARNING * * *
You take 15 damage, and have 22/168 hp.
Your unstable footing causes you to fumble your attack.
The alligator snapping turtle bites you!!
You die...

...$..≈≈≈≈≈≈≈≈≈≈≈≈≈≈.#
.....≈≈≈≈≈≈≈≈≈≈≈.≈≈≈###.
..≈≈≈≈≈.≈≈≈≈≈≈≈≈≈≈≈≈....
....≈.≈≈≈≈≈≈≈≈≈≈≈≈≈≈.>..
#(.$.(≈(≈(.≈≈$≈≈≈≈≈≈...
##.....≈((≈≈≈≈≈(≈≈≈≈≈≈(.
.....≈<≈...#(..(≈≈..≈≈≈.
.....≈≈≈..###...≈≈.≈≈≈≈≈
.....≈≈≈≈...)((%@t≈(≈≈≈≈
≈≈..≈≈≈≈≈≈≈.))..≈≈≈≈≈≈≈≈
≈≈≈≈≈≈≈≈≈≈≈≈≈....≈≈≈≈≈≈≈
≈≈≈≈≈≈≈≈≈≈≈≈≈...≈≈≈≈≈≈..
≈≈≈≈≈≈≈≈≈≈≈≈≈≈≈≈≈≈≈≈≈.##
≈≈≈≈≈≈≈≈≈≈≈≈≈≈≈≈≈≈≈≈≈.#
≈≈≈≈≈≈≈≈≈≈≈≈≈≈≈≈≈≈≈≈≈.#
≈≈≈≈≈≈≈≈≈≈≈≈≈≈≈≈≈.


You could see an alligator snapping turtle.

Vanquished Creatures
  Gastronok (Lair:3)
  An orc warlord (Orc:2)
  A minotaur (Lab)
  A yaktaur captain (D:15)
  Josephine (D:13)
  8 vault guards (D:13)
  Erolcha (Orc:1)
  Erica (D:8)
  6 centaur warriors
  A catoblepas (Shoals:2)
  3 death yaks (Lair:6)
  2 tengu warriors (D:14)
  Sonja (D:13)
  4 orc high priests (Orc:2)
  3 sea snakes
  5 unseen horrors
  3 hill giants
  17 harpies
  6 orc sorcerers
  7 cyclopes
  Pikel (D:7)
  5 orc knights
  4 ugly things (D:15)
  6 fauns
  A manticore (Shoals:1)
  3 centaur zombies
  25 elephants
  Joseph (D:9)
  Psyche (D:8)
  A centaur skeleton (D:13)
  3 gargoyles
  13 spiny frogs
  11 komodo dragons
  A yaktaur (D:15)
  A freezing wraith (D:15)
  5 rime drakes
  A queen bee (D:13)
  7 meliai
  3 trolls
  6 polar bears
  3 wind drakes
  Grinder (D:5)
  2 merfolk (Shoals:1)
  2 hornets (Lair:6)
  Prince Ribbit (D:7)
  The ghost of TheWoodenMan the Ruffian, an amateur DrTm (D:4)
  14 blink frogs
  10 dream sheep
  6 two-headed ogres (Orc:1)
  6 hippogriffs
  4 snapping turtles
  A redback (Lab)
  2 water elementals (Shoals:1)
  12 wyverns
  5 shadows
  23 yaks
  4 wraiths
  4 basilisks
  A hungry ghost (D:13)
  A steam dragon (Lair:5)
  2 wargs
  A mottled dragon (D:14)
  Edmund (D:6)
  11 water moccasins
  Duvessa (D:7)
  17 ice beasts
  2 porcupines (Lair:1)
  2 black bears (D:10)
  4 sky beasts
  23 orc warriors
  2 phantoms
  2 slaves
  29 ogres
  3 wolves (Lair:1)
  12 centaurs
  15 crocodiles
  2 big kobolds
  12 bullfrogs
  6 scorpions
  36 killer bees
  Dowan (D:7)
  A spriggan skeleton (Lab)
  21 wights
  A troll skeleton (Lab)
  3 howler monkeys
  3 crimson imps
  A bullfrog zombie (D:7)
  4 hounds
  A lava snake (D:9)
  A quasit (D:13)
  7 jellies
  19 orc priests
  14 orc wizards
  5 iguanas
  6 worker ants
  3 merfolk avatars
  3 sirens
  A killer bee zombie (D:5)
  An ogre zombie (Orc:1)
  2 ogre skeletons (Lab)
  3 hound skeletons
  6 gnolls
  16 adders
  A river rat (Sewer)
  2 shadow imps
  6 oozes
  2 adder skeletons
  4 worms
  A dart slug (D:5)
  6 leopard geckos
  62 orcs
  5 ball pythons
  7 bats
  6 giant cockroaches
  8 goblins
  6 hobgoblins
  14 jackals
  6 quokkas
  5 frilled lizards
  A jackal skeleton (D:8)
  6 kobolds
  A quokka skeleton (D:8)
  23 rats
  A bush (Lair:6)
  3 fungi (Lair:6)
  7 plants
764 creatures vanquished.

Vanquished Creatures (collateral kills)
  The ghost of Quirk the Fighter, a journeyman MiFi of the Shining One (Lair:3)
  2 ice dragons (IceCv)
  5 hydras
  An elephant (Lair:3)
  A black mamba (Lair:3)
  A spiny frog (Lair:3)
  2 trolls (Orc:2)
  A blink frog (Lair:6)
  A hippogriff (Lair:3)
  A dream sheep (Lair:3)
  5 yaks (Lair:6)
  2 orc warriors (Orc:2)
  An orc priest (Orc:2)
  2 orc wizards (Orc:2)
  An orc (Orc:2)
27 creatures vanquished.

Vanquished Creatures (others)
  A sky beast (D:13)
  An orc wizard (Orc:1)
  5 fungi
  16 plants
23 creatures vanquished.

Grand Total: 814 creatures vanquished

Notes
Turn   | Place    | Note
-------+----------+-------------------------------------------
     0 | D:1      | omegacute the Minotaur Berserker began the quest for the Orb.
     0 | D:1      | Reached XP level 1. HP: 19/19 MP: 0/0
   102 | D:1      | Reached skill level 4 in Axes
   104 | D:1      | Reached XP level 2. HP: 23/27 MP: 1/1
   966 | D:2      | Reached ** piety under Trog
   970 | D:2      | Reached XP level 3. HP: 33/33 MP: 2/2
  1238 | D:2      | Reached skill level 5 in Axes
  1238 | D:2      | Reached XP level 4. HP: 38/40 MP: 3/3
  1630 | D:3      | Reached XP level 5. HP: 39/47 MP: 4/4
  1894 | D:3      | Reached skill level 5 in Fighting
  2241 | D:4      | Reached skill level 6 in Axes
  2266 | D:4      | Noticed TheWoodenMan's ghost (amateur DrTm)
  2282 | D:4      | Killed TheWoodenMan's ghost
  2282 | D:4      | Reached XP level 6. HP: 56/56 MP: 5/5
  2350 | D:4      | Reached skill level 7 in Axes
  2528 | D:4      | Reached skill level 5 in Armour
  2588 | D:4      | Found a glowing drain.
  2593 | Sewer    | Entered a sewer
  2649 | Sewer    | Reached *** piety under Trog
  2674 | Sewer    | Reached XP level 7. HP: 62/62 MP: 6/6
  3551 | D:5      | Entered Level 5 of the Dungeon
  3582 | D:5      | Reached skill level 8 in Axes
  3588 | D:5      | Noticed Grinder
  3596 | D:5      | Paralysed by Grinder for 4 turns
  3613 | D:5      | Killed Grinder
  3829 | D:5      | Reached XP level 8. HP: 71/71 MP: 7/7
  3952 | D:5      | Reached skill level 9 in Axes
  4010 | D:5      | Reached **** piety under Trog
  4419 | D:5      | Found Ranouh's General Store.
  4429 | D:5      | Bought a scroll of enchant weapon for 82 gold pieces
  4636 | D:5      | Found a radiant altar of Vehumet.
  5120 | D:6      | Found Nihea's Food Shop.
  5251 | D:6      | Found a staircase to the Ecumenical Temple.
  5320 | D:6      | Reached skill level 10 in Axes
  5334 | D:6      | Noticed Edmund
  5360 | D:6      | Killed Edmund
  5849 | D:7      | Noticed Duvessa
  5849 | D:7      | Noticed Dowan
  5916 | D:7      | Killed Dowan
  5916 | D:7      | Reached XP level 9. HP: 81/81 MP: 8/8
  5920 | D:7      | Killed Duvessa
  6063 | D:7      | Found a blossoming altar of Fedhas.
  6095 | D:7      | Noticed Prince Ribbit
  6097 | D:7      | Got a brightly glowing war axe
  6098 | D:7      | Identified the +11 war axe "Darphubue" {freeze, Str+4 Int+2} (You found it on level 7 of the Dungeon)
  6101 | D:7      | Killed Prince Ribbit
  6101 | D:7      | Reached skill level 11 in Axes
  6176 | D:7      | Noticed Pikel
  6182 | D:7      | Killed Pikel
  6458 | D:7      | Found a deep blue altar of Sif Muna.
  6595 | D:8      | Reached skill level 12 in Axes
  6614 | D:8      | Noticed Erica
  6619 | D:8      | Killed Erica
  6619 | D:8      | Reached XP level 10. HP: 78/91 MP: 9/9
  6756 | D:8      | Noticed Psyche
  6759 | D:8      | Reached ***** piety under Trog
  6836 | D:8      | Killed Psyche
  7099 | D:9      | Found a stormy altar of Qazlal.
  7128 | D:9      | Reached skill level 10 in Fighting
  7290 | D:9      | Reached skill level 13 in Axes
  7326 | D:9      | Noticed Joseph
  7336 | D:9      | Killed Joseph
  7336 | D:9      | Reached skill level 10 in Armour
  7403 | D:10     | Entered Level 10 of the Dungeon
  7411 | D:10     | Killed an unseen horror
  7991 | D:10     | Reached skill level 14 in Axes
  8099 | D:10     | Noticed a gargoyle
  8104 | D:10     | Killed a gargoyle
  8104 | D:10     | Reached XP level 11. HP: 93/101 MP: 10/10
  8394 | D:11     | Found a labyrinth entrance.
  8396 | D:11     | Received a gift from Trog
  8415 | Lab      | Entered a labyrinth
  8594 | Lab      | Found an exit through the horrors of the Abyss.
  9363 | Lab      | Noticed a minotaur
  9371 | Lab      | Killed a minotaur
  9561 | D:11     | Found a staircase to the Lair.
  9572 | D:11     | Reached skill level 15 in Axes
 10138 | D:12     | Identified 2 scrolls of acquirement
 10206 | D:12     | Found a frozen archway.
 10216 | IceCv    | Entered an ice cave
 10544 | IceCv    | Noticed an ice dragon
 10544 | IceCv    | Noticed an ice dragon
 10553 | IceCv    | Killed an ice dragon
 10555 | IceCv    | Killed an ice dragon
 10837 | IceCv    | Got a twitching glass ring
 11106 | Lair:1   | Entered Level 1 of the Lair of Beasts
 11122 | Lair:1   | Reached XP level 12. HP: 86/113 MP: 11/11
 11127 | Lair:1   | Reached skill level 16 in Axes
 11334 | Lair:1   | Received a gift from Trog
 11414 | Lair:1   | Reached ****** piety under Trog
 12955 | Lair:3   | Noticed Quirk's ghost (journeyman MiFi)
 12965 | Lair:3   | Killed Quirk's ghost
 12985 | Lair:3   | Noticed an eight-headed hydra
 12988 | Lair:3   | Killed an eight-headed hydra
 12988 | Lair:3   | Reached skill level 17 in Axes
 13221 | Lair:3   | Noticed Gastronok
 13290 | Lair:3   | Noticed a five-headed hydra
 13297 | Lair:3   | Killed a five-headed hydra
 13544 | Lair:3   | Killed Gastronok
 13544 | Lair:3   | Reached skill level 5 in Dodging
 13608 | Lair:4   | Reached XP level 13. HP: 125/125 MP: 12/12
 13938 | Lair:4   | Found a staircase to the Shoals.
 13947 | Shoals:1 | Entered Level 1 of the Shoals
 14351 | Lair:4   | Found a staircase to the Snake Pit.
 14516 | Lair:5   | Received a gift from Trog
 14586 | Lair:5   | Found a staircase to the Slime Pits.
 14589 | Lair:5   | Reached skill level 15 in Fighting
 15239 | Lair:5   | Reached skill level 18 in Axes
 15624 | Lair:6   | Entered Level 6 of the Lair of Beasts
 16114 | Lair:6   | Received a gift from Trog
 16123 | Lair:6   | Found a basalt altar of Yredelemnul.
 17025 | Lair:6   | Reached XP level 14. HP: 127/137 MP: 13/13
 17259 | Lair:6   | Got a polished morningstar
 17274 | Lair:6   | Received a gift from Trog
 17296 | Lair:6   | Reached skill level 19 in Axes
 17746 | Lair:1   | Identified the ring of Coronation {rElec rF+ MR+ Str+5} (You found it in an ice cave)
 18258 | D:12     | Found a staircase to the Orcish Mines.
 18265 | D:12     | Found a roughly hewn altar of Beogh.
 18524 | Orc:1    | Entered Level 1 of the Orcish Mines
 18645 | Orc:1    | Noticed Erolcha
 18655 | Orc:1    | Killed Erolcha
 18659 | Orc:1    | Received a gift from Trog
 18901 | Orc:2    | Entered Level 2 of the Orcish Mines
 18910 | Orc:2    | Found Nopyv's Armour Shoppe.
 18913 | Orc:2    | Found Impi's Distillery.
 18913 | Orc:2    | Found Nogucvyff's Distillery.
 18921 | Orc:2    | Found Fuvofu's General Store.
 19378 | Orc:2    | Bought a potion of degeneration for 14 gold pieces
 19391 | Orc:2    | Bought a +0 pair of boots for 67 gold pieces
 19441 | Orc:2    | Noticed an orc warlord
 19459 | Orc:2    | Killed an orc warlord
 19460 | Orc:2    | Received a gift from Trog
 19742 | Orc:2    | Found Euckean's Eclectic Emporium.
 19771 | Orc:2    | Bought a scroll of enchant weapon for 112 gold pieces
 19771 | Orc:2    | Bought a scroll of enchant armour for 112 gold pieces
 19771 | Orc:2    | Bought a potion of experience for 750 gold pieces
 19775 | Orc:2    | Reached XP level 15. HP: 150/150 MP: 14/14
 19776 | Orc:2    | Reached skill level 20 in Axes
 19776 | Orc:2    | Reached skill level 15 in Armour
 19776 | Orc:2    | Reached XP level 16. HP: 159/159 MP: 15/15
 19849 | Orc:2    | Found a staircase to the Elven Halls.
 20087 | Orc:1    | Reached skill level 10 in Dodging
 20693 | D:13     | Received a gift from Trog
 20799 | D:13     | Found a gate to the Vaults.
 20826 | D:13     | Reached XP level 17. HP: 148/166 MP: 16/16
 21159 | D:13     | Noticed Josephine
 21168 | D:13     | Killed Josephine
 21330 | D:13     | Noticed Sonja
 21348 | D:13     | Killed Sonja
 22072 | D:14     | Received a gift from Trog
 22276 | D:14     | Found a portal to a secret trove of treasure.
 22299 | D:15     | Entered Level 15 of the Dungeon
 22655 | D:15     | Reached skill level 21 in Axes
 22963 | D:15     | Reached skill level 1 in Unarmed Combat
 23164 | D:15     | Found a staircase to the Depths.
 24225 | Shoals:2 | HP: 5/168 [alligator snapping turtle (29)]
 24236 | Shoals:2 | Mangled by an alligator snapping turtle

Skill      XL: |  1  2  3  4  5  6  7  8  9 10 11 12 13 14 15 16 17 |
---------------+----------------------------------------------------+-----
Axes           | 4 5 6 7 8 10 12 14 15 17 18 19 20 21 | 21.5
Armour         | 3 4 5 6 7 9 10 11 12 13 14 15 16 | 16.1
Fighting       | 4 5 6 7 9 10 12 14 16 18 19 | 19.2
Dodging        | 5 7 9 10 11 | 11.3
Unarmed Combat | 3 |  3.2

Action                   |  1- 3 |  4- 6 |  7- 9 | 10-12 | 13-15 | 16-18 || total
-------------------------+-------+-------+-------+-------+-------+-------++-------
Melee: Hand axe          |    66 |    90 |   304 |       |       |       ||   460
       Headbutt          |    12 |    20 |    54 |    75 |    94 |    96 ||   351
       War axe           |       |       |    41 |   354 |   153 |       ||   548
       Executioner's axe |       |       |       |       |   250 |   371 ||   621
Invok: Berserk           |     1 |     1 |     6 |     6 |    10 |     4 ||    28
       Trog's Hand       |       |     1 |     2 |     2 |     1 |     3 ||     9
       Brothers in Arms  |       |       |       |     3 |     6 |     2 ||    11
       Burn Spellbooks   |       |       |       |     1 |     4 |       ||     5
 Abil: Evoke Flight      |       |       |       |     1 |       |       ||     1
  Use: Scroll            |     3 |     1 |     4 |    14 |    13 |     5 ||    40
       Potion            |       |       |       |       |     2 |     1 ||     3
 Stab: Distracted        |       |       |       |       |     1 |       ||     1
       Petrified         |       |       |       |       |       |     7 ||     7
  Eat: Chunk             |     2 |     2 |    17 |    21 |    22 |    15 ||    79
       Fruit             |       |     1 |       |     2 |     6 |       ||     9
       Bread ration      |       |     1 |       |       |       |       ||     1
       Beef jerky        |       |       |       |     5 |     1 |       ||     6
       Royal jelly       |       |       |       |       |     1 |     2 ||     3
       Meat ration       |       |       |       |       |     1 |       ||     1
Armor: Leather armour    |     4 |       |       |       |       |       ||     4
       Ring mail         |    12 |       |       |       |       |       ||    12
       Plate armour      |    21 |    37 |   212 |   182 |   284 |   387 ||  1123
Dodge: Dodged            |    45 |    35 |   111 |   122 |   280 |   312 ||   905
